 Dungeon Crawl Stone Soup version 0.31-a0-806-g0bc164a743 (webtiles) character file.

Game seed: 9182031462801886599

754 quinnr the Gusty (level 7, -13/41 HPs)
             Began as a Tengu Air Elementalist on Sept 20, 2023.
             Mangled by Duvessa
             ... wielding a +0 short sword
              (15 damage)
             ... on level 4 of the Dungeon.
             The game lasted 00:06:37 (3944 turns).

quinnr the Gusty (Tengu Air Elementalist)           Turns: 3944, Time: 00:06:38

Health: -13/41     AC:  2    Str:  8    XL:     7   Next: 79%
Magic:  8/14       EV: 16    Int: 17    God:
Gold:   153        SH:  0    Dex: 15    Spells: 6/14 levels left

rFire   . . .        e - +1 spear (venom)
rCold   . . .        (no shield)
rNeg    . . .        a - +0 robe
rPois   .            (helmet restricted)
rElec   .            (no cloak)
rCorr   .            (no gloves)
SInv    +            (boots unavailable)
Will    +....        (no amulet)
Stlth   +++          v - ring of see invisible
HPRegen 0.26/turn    (no ring)
MPRegen 0.14/turn

%: acrobat
@: on berserk cooldown, enlightened, flying, slowed, very slow
A: beak, talons 3, evasive flight, acrobatic
a: no special abilities


You were on level 4 of the Dungeon.
You visited 1 branch of the dungeon, and saw 4 of its levels.

You collected 153 gold pieces.


Innate Abilities, Weirdness & Mutations

You have a beak for a mouth.
You have claws for feet.
Your magical flight helps you evade attacks. (EV +4)
You can magically evade attacks while moving or waiting.


   Skills:
 - Level 3.0 Fighting
 - Level 2.1 Dodging
 - Level 5.0 Stealth
 - Level 4.0 Spellcasting
 - Level 1.3 Conjurations
 + Level 7.8 Air Magic


You had 6 spell levels left.
You knew the following spells:

 Your Spells              Type           Power      Damage    Failure   Level
a - Airstrike             Air            15%        2d(3-19)  6%          4
i - Swiftness             Air            30%        N/A       1%          3
z - Shock                 Conj/Air       76%        1d7       2%          1

Your spell library contained the following spells:

 Spells                   Type           Power      Damage    Failure   Level
 Static Discharge         Conj/Air       38%        2-4/arc   3%          2
 Gell's Gravitas          Tloc           3%         N/A       43%         3
 Teleport Other           Tloc           3%         N/A       43%         3
 Dispersal                Tloc           1%         N/A       100%        6

Inventory:

Hand Weapons
 e - a +1 spear of venom (weapon)
Armour
 a - a +0 robe (worn)
Jewellery
 v - a ring of see invisible (left hand)
 F - a ring of protection from fire
Scrolls
 d - a scroll of identify {@r1}
 f - 3 scrolls of noise {unknown}
 h - a scroll of immolation {unknown}
 j - a scroll of amnesia {unknown}
 k - a scroll of fear {unknown}
 l - a scroll of revelation {unknown}
 o - a scroll of enchant armour {unknown}
 p - a scroll of vulnerability {unknown}
 q - a scroll of fog {unknown}
 s - a scroll of blinking {unknown}
Potions
 b - a potion of magic
 g - a potion of resistance
 n - a potion of lignification {unknown}
 r - a potion of mutation {unknown}

Dungeon Overview and Level Annotations

Branches:
Dungeon (4/15)
 Temple: D:4-7

Altars:

Annotations:
D:4 Duvessa

.# #..##.## .# #..###.#
.# #..# #.# .# #..# #.#
.###..###.# ..........#
###.#.....## #.#......##
#####
###.#.......###.@.#######
....##.........##e.......
######.......[o....######
##.<.....####......
##.....## ###### ##...##
#####


You could see Duvessa (berserk, very poisoned).


Message History

Duvessa hits you with a +0 short sword!
* * * LOW HITPOINT WARNING * * *
Unknown command.
Unknown command.
You barely miss Duvessa. You claw Duvessa.
Duvessa is heavily wounded.
Duvessa hits you with a +0 short sword!
* * * LOW HITPOINT WARNING * * *
Duvessa misses you.
Unknown command.
Unknown command.
Duvessa rages.
Unknown command.
Unknown command.
You are too berserk!
Unknown command.
You feel a strong urge to attack something.
Unknown command.
You are too berserk!
You are no longer berserk.
You are exhausted.
You feel yourself slow down.
Casting: Airstrike (quite dangerous; 6% risk of failure)
Confirm with . or Enter, or press ? or * to list all spells.
Okay, then.
Unknown command.
It was a potion of enlightenment.
You feel more buoyant. Duvessa hits you with a +0 short sword!
You die...

Skill      XL: |  1  2  3  4  5  6 |
---------------+-------------------+-----
Spellcasting   | 3 4 |  4.0
Fighting       | 2 3 |  3.0
Stealth        | 3 5 |  5.0
Air Magic      | 7 |  7.8
Dodging        | |  2.1
Conjurations   | |  1.3

Action                     |  1- 3 |  4- 6 |  7- 9 || total
---------------------------+-------+-------+-------++-------
  Melee: Spear             |     2 |     7 |     4 ||    13
         Kick              |       |     1 |     2 ||     3
         Peck              |       |     1 |       ||     1
   Cast: Shock             |    80 |    80 |     1 ||   161
         Airstrike         |       |       |     4 ||     4
    Use: Scroll            |     1 |       |     2 ||     3
         Potion            |       |       |     2 ||     2
 Armour: Robe              |     8 |    17 |    10 ||    35
  Dodge: Dodged            |    14 |    27 |     6 ||    47

Levels and vault maps discovered:
D:1:      dpeg_arrival_prison, layout_basic, chequers_ecumenical_altar_twisty,
          kennysheep_crisscross, minmay_pentomino_s4
D:2:      layout_rooms, serial_glass, glass_columns_a, glass_columns_b,
          glass_columns_c, minmay_cupped
D:3:      layout_rooms
D:4:      layout_loops_ring, nicolae_wu_jian_wuxing_cycle,
          hellmonk_guarded_unrand_hermit, uniq_duvessa, uniq_sigmund, uniq_pikel

Notes
Turn   | Place    | Note
-------+----------+-------------------------------------------
     0 | D:1      | quinnr the Tengu Air Elementalist began the quest for the
                  | Orb.
     0 | D:1      | Reached XP level 1. HP: 10/10 MP: 4/4
   192 | D:1      | Reached XP level 2. HP: 15/15 MP: 0/6
   507 | D:1      | Reached skill level 3 in Spellcasting
   800 | D:1      | Reached XP level 3. HP: 19/19 MP: 6/8
  1244 | D:1      | Found a faded altar of an unknown god.
  1744 | D:2      | Reached XP level 4. HP: 23/24 MP: 2/10
  1856 | D:2      | Reached skill level 4 in Spellcasting
  2493 | D:3      | Reached skill level 1 in Fighting
  2945 | D:3      | Reached skill level 2 in Fighting
  2945 | D:3      | Reached XP level 5. HP: 19/30 MP: 8/12
  3026 | D:4      | Noticed an ogre
  3112 | D:4      | Killed an ogre
  3113 | D:4      | Reached skill level 3 in Stealth
  3113 | D:4      | Reached XP level 6. HP: 36/36 MP: 7/13
  3132 | D:4      | Noticed Pikel
  3328 | D:3      | HP: 3/36 [Pikel/+0 whip of freezing (11)]
  3330 | D:3      | Killed Pikel
  3331 | D:3      | Reached skill level 3 in Fighting
  3331 | D:3      | Reached skill level 5 in Stealth
  3331 | D:3      | Reached skill level 7 in Air Magic
  3331 | D:3      | Gained mutation: Your magical flight helps you evade
                  | attacks. (EV +4) [Tengu growth]
  3331 | D:3      | Reached XP level 7. HP: 3/41 MP: 3/14
  3833 | D:4      | Noticed Dowan
  3840 | D:4      | Learned a level 4 spell: Airstrike
  3852 | D:4      | Killed Dowan
  3919 | D:4      | Noticed Duvessa
  3922 | D:4      | Learned a level 3 spell: Swiftness
  3933 | D:4      | Identified a potion of resistance
  3940 | D:4      | HP: 2/61 [Duvessa/+0 short sword (8)]
  3944 | D:4      | Mangled by Duvessa

Vanquished Creatures
  Pikel (D:3)
  An ogre (D:4)
  Dowan (D:4)
  A howler monkey (D:4)
  A hound (D:3)
  2 adders (D:2)
  2 worms (D:3)
  A dart slug (D:1)
  An orc (D:4)
  10 endoplasms
  6 giant cockroaches
  5 goblins
  3 hobgoblins
  2 jackals (D:3)
  3 quokkas
  5 ball pythons
  4 bats
  3 frilled lizards
  7 kobolds
  2 rats (D:1)
61 creatures vanquished.

Table legend: (Time is in decaauts)
 A = Elapsed time spent in this place.
 B = Non-inter-level travel time spent in this place.
 C = Inter-level travel time spent in this place.
 D = Time resting spent in this place.
 E = Time spent auto-exploring this place.
 F = Levels seen in this place.
 G = Mean time per level.
                   A        B        C        D        E       F      G
               +--------+--------+--------+--------+--------+-----+--------+
         Total |   3943 |   3891 |     52 |    321 |   2999 |   4 |  985.8 |
       Dungeon |   3943 |   3891 |     52 |    321 |   2999 |   4 |  985.8 |
               +--------+--------+--------+--------+--------+-----+--------+

Top non-repeatable levels by time:
     D:1: 1616 daAuts
     D:3: 1181 daAuts
     D:2: 860 daAuts
     D:4: 284 daAuts

Table legend:
 A = Non-vault XP
 B = Vault XP
 C = Vault XP percentage of total XP
 D = Non-vault monster count
 E = Vault monster count
 F = Vault count percentage of total count
                 A         B        C        D         E       F
            +---------+---------+-------+---------+---------+-------
      Total |     332 |     746 |  69.2 |      51 |      10 |  16.4
            +---------+---------+-------+---------+---------+-------
        D:1 |      40 |      11 |  21.6 |      24 |       5 |  17.2
        D:2 |      47 |       5 |   9.6 |      16 |       3 |  15.8
        D:3 |      63 |     663 |  91.3 |       7 |       1 |  12.5
        D:4 |     182 |      67 |  26.9 |       4 |       1 |  20.0
            +---------+---------+-------+---------+---------+-------

Levels and vault maps discovered:
D:1:      dpeg_arrival_prison, layout_basic, chequers_ecumenical_altar_twisty,
          kennysheep_crisscross, minmay_pentomino_s4
D:2:      layout_rooms, serial_glass, glass_columns_a, glass_columns_b,
          glass_columns_c, minmay_cupped
D:3:      layout_rooms
D:4:      layout_loops_ring, nicolae_wu_jian_wuxing_cycle,
          hellmonk_guarded_unrand_hermit, uniq_duvessa, uniq_sigmund, uniq_pikel
